 Dungeon Crawl Stone Soup version 0.21.1-1-g345015f (webtiles) character file.

15596 LLlMATKO the Cleaver (level 12, -2/115 HPs)
             Began as a Minotaur Berserker on May 21, 2018.
             Was a High Priest of Trog.
             Killed from afar by a deep elf mage (32 damage)
             ... with a bolt of fire
             ... on level 12 of the Dungeon.
             The game lasted 00:30:24 (15689 turns).

LLlMATKO the Cleaver (Minotaur Berserker)          Turns: 15689, Time: 00:30:24

Health: -2/115     AC: 13    Str: 21    XL:     12   Next: 2%
Magic:  11/11      EV: 12    Int: 13    God:    Trog [*****.]
Gold:   755        SH:  0    Dex: 21    Spells: 11/11 levels left

rFire    . . .     SeeInvis +   S - +5 battleaxe (distort)
rCold    + . .     Gourm    +   (shield currently unavailable)
rNeg     . . .     Faith    .   L - +1 ring mail {rC+}
rPois    .         Spirit   .   (helmet restricted)
rElec    .         Reflect  .   (no cloak)
rCorr    +         Harm     .   J - +3 pair of gloves of the Beginning {*Slow rCorr Int+9 SInv}
MR       +....                  (no boots)
Stlth    +.........             h - amulet of the gourmand
HPRegen  0.29/turn              z - +5 ring of dexterity
MPRegen  0.12/turn              C - ring of protection from magic

@: no status effects
A: retaliatory headbutt, horns 2
a: Berserk, Trog's Hand, Brothers in Arms, Burn Spellbooks, Renounce Religion


You were on level 12 of the Dungeon.
You worshipped Trog.
Trog was extremely pleased with you.
You were very full.

You visited 2 branches of the dungeon, and saw 13 of its levels.

You collected 755 gold pieces.

Inventory:

Hand Weapons
 K - a +0 battleaxe
 S - a +5 battleaxe of distortion (weapon)
 T - a +2 hand axe of chopping
Missiles
 w - 7 tomahawks (quivered)
Armour
 J - the +3 pair of gloves of the Beginning (worn) {*Slow rCorr Int+9 SInv}
   (You found it on level 8 of the Dungeon)

   It affects your intelligence (+9).
   It lets you see invisible.
   It protects you from acid and corrosion.
   It may slow you when you take damage.
 L - a +1 ring mail of cold resistance (worn)
 O - a +0 buckler
Jewellery
 h - an amulet of the gourmand (around neck)
 i - an uncursed ring of ice
 n - a cursed amulet of guardian spirit {unknown}
 z - a +5 ring of dexterity (left hand)
 C - a ring of protection from magic (right hand)
 D - an uncursed ring of positive energy {unknown}
 M - an uncursed amulet of faith {unknown}
Wands
 o - a wand of digging (39)
 s - a wand of flame (33)
 t - a wand of enslavement (24)
 Q - a wand of polymorph (14)
Scrolls
 a - a scroll of torment {unknown}
 b - 5 scrolls of remove curse
 d - 4 scrolls of teleportation
 e - 2 scrolls of amnesia
 g - 10 scrolls of identify {unknown}
 j - 6 scrolls of blinking {unknown}
 p - 5 scrolls of noise {unknown}
 v - 2 scrolls of fear {unknown}
 x - a scroll of fog {unknown}
 y - 8 scrolls of immolation {unknown}
 B - 3 scrolls of enchant armour {unknown}
 H - a scroll of holy word {unknown}
 N - a scroll of vulnerability {unknown}
 P - a scroll of enchant weapon {unknown}
Potions
 f - 2 potions of ambrosia {unknown}
 k - 3 potions of flight {unknown}
 l - 4 potions of lignification {unknown}
 m - 6 potions of curing {unknown}
 q - 2 potions of degeneration {unknown}
 r - 4 potions of berserk rage {unknown}
 u - a potion of magic {unknown}
 A - a potion of cancellation {unknown}
 E - a potion of mutation {unknown}
 F - a potion of might {unknown}
 G - a potion of brilliance {unknown}
 I - 3 potions of agility {unknown}
Comestibles
 c - 25 rations
 R - 9 chunks of flesh


   Skills:
 + Level 13.3 Fighting
 + Level 13.5 Axes
 + Level 3.2 Throwing
 + Level 13.1 Armour
 - Level 2.1 Dodging


You had 11 spell levels left.
You didn't know any spells.

Dungeon Overview and Level Annotations

Branches:
Dungeon (12/15)            Temple (1/1) D:7            Lair (0/6) D:10
    Orc: D:9-12

Altars:
Cheibriados
Fedhas
Gozag
Kikubaaqudgha
Makhleb
Okawaru
Qazlal
Ru
Sif Muna
Uskayaw
Vehumet
Xom
Yredelemnul
Zin
The Shining One

Shops:
D:6 !


Innate Abilities, Weirdness & Mutations

You reflexively headbutt those who attack you in melee.
You have a pair of horns on your head.


Message History

The fire elemental hits you. The fire elemental burns you!
You slash the deep elf mage!
The deep elf mage looks slightly unstable.
You headbutt the deep elf mage.
The deep elf mage is heavily wounded.
You hit the fire elemental but do no damage.
Space bends around the fire elemental.
You slash the fire elemental!
Space bends around the fire elemental.
The fire elemental hits you. The fire elemental burns you!
The fire elemental hits you. The fire elemental burns you!
The deep elf mage closely misses you.
You miss the deep elf mage.
The deep elf mage is heavily wounded.
You slash the fire elemental!
Space bends around the fire elemental.
You slash the fire elemental!
You destroy the fire elemental!
The fire elemental hits you. The fire elemental burns you!
* * * LOW HITPOINT WARNING * * *
The deep elf mage casts a spell at you. The bolt of fire hits you!
You die...

.............# #..###.......%##
o#.........#.###..............#
...........#......####.........
>.#..####..()))..#####(........
. #.. #..#####..#.(...........
.................##..........
...........................
....########(.....[........ }.
.....§e@.(..)..[)....... .
....§.E...###...........
...#......# #...........
.........(.....(........
....##.#.###.#.......... ....
#...# #.#.......... ... .....
..#.......... ..
.#.##..#[#.......... .. ..
....?.....#


You could see a deep elf mage and a fire elemental.

Vanquished Creatures
  Josephine (D:10)
  2 hydras (D:11)
  3 two-headed ogres
  A deep troll earth mage (D:10)
  An unseen horror (D:11)
  2 cyclopes (D:12)
  A gargoyle (D:10)
  A troll (D:9)
  2 hippogriffs
  A shadow (D:12)
  3 wraiths (D:10)
  2 wyverns
  7 yaks
  Edmund (D:6)
  A steam dragon (D:12)
  A water moccasin (D:11)
  2 black bears
  3 ice beasts
  A sky beast (D:9)
  3 orc warriors
  2 phantoms
  4 necrophages (D:12)
  8 ogres
  12 centaurs
  A big kobold (D:7)
  6 bullfrogs
  A water moccasin zombie (D:11)
  3 scorpions
  5 killer bees (D:11)
  3 wights (D:12)
  7 howler monkeys
  4 electric eels
  5 crimson imps
  A bullfrog zombie (D:12)
  4 centaur zombies
  4 hounds
  2 jellies (D:12)
  7 orc wizards
  A bullfrog skeleton (D:6)
  2 centaur skeletons
  4 iguanas
  4 orc priests
  Jessica (D:3)
  Natasha (thrice) (D:4)
  13 worker ants
  2 hound zombies
  A hound skeleton (D:4)
  2 mummies (D:12)
  4 worker ant zombies
  4 gnolls (D:5)
  17 adders
  4 shadow imps
  2 oozes (D:3)
  An adder skeleton (D:7)
  A worm (D:2)
  2 dart slugs (D:1)
  10 leopard geckos
  32 orcs
  3 giant cockroaches
  10 goblins
  6 hobgoblins
  11 jackals
  4 quokkas
  4 bats
  8 frilled lizards
  9 kobolds
  A quokka skeleton (D:5)
  6 rats
290 creatures vanquished.

Vanquished Creatures (others)
  A human (D:8)
  A centaur (D:11)
2 creatures vanquished.

Grand Total: 292 creatures vanquished

Notes
Turn   | Place    | Note
-------+----------+-------------------------------------------
     0 | D:1      | LLlMATKO the Minotaur Berserker began the quest for the Orb.
     0 | D:1      | Reached XP level 1. HP: 19/19 MP: 0/0
   155 | D:1      | Reached XP level 2. HP: 23/27 MP: 1/1
   668 | D:2      | Reached XP level 3. HP: 28/33 MP: 2/2
  1007 | D:2      | Reached ** piety under Trog
  1272 | D:2      | Reached skill level 5 in Axes
  1272 | D:2      | Reached XP level 4. HP: 32/40 MP: 3/3
  1444 | D:2      | Found a burning altar of Makhleb.
  1927 | D:3      | Noticed an ogre
  1940 | D:3      | Killed an ogre
  1940 | D:3      | Reached XP level 5. HP: 47/47 MP: 4/4
  2013 | D:3      | Noticed Jessica
  2014 | D:3      | Killed Jessica
  2014 | D:3      | Reached skill level 5 in Fighting
  2022 | D:3      | Noticed a wyvern
  2029 | D:3      | Killed a wyvern
  2029 | D:3      | Reached XP level 6. HP: 39/56 MP: 5/5
  2689 | D:4      | Found a radiant altar of Vehumet.
  2775 | D:4      | Reached skill level 5 in Armour
  2775 | D:4      | Reached XP level 7. HP: 55/62 MP: 6/6
  2780 | D:4      | Reached *** piety under Trog
  2798 | D:4      | Noticed Natasha
  2805 | D:4      | Killed Natasha
  2976 | D:4      | Noticed Natasha
  2992 | D:4      | Killed Natasha
  3488 | D:4      | Noticed Natasha
  3500 | D:4      | Killed Natasha
  3548 | D:4      | Found a radiant altar of Vehumet.
  3961 | D:4      | Found a radiant altar of Vehumet.
  4400 | D:5      | Entered Level 5 of the Dungeon
  4528 | D:5      | Found a snail-covered altar of Cheibriados.
  4559 | D:5      | Found a blossoming altar of Fedhas.
  4892 | D:5      | Found a glowing silver altar of Zin.
  5086 | D:5      | Reached XP level 8. HP: 71/71 MP: 7/7
  5275 | D:6      | Noticed Edmund
  5281 | D:6      | Killed Edmund
  5339 | D:6      | Found Foesulet's Distillery.
  5367 | D:6      | Reached **** piety under Trog
  5920 | D:6      | Found a shimmering altar of Xom.
  5992 | D:6      | Reached skill level 10 in Axes
  6778 | D:7      | Found a staircase to the Ecumenical Temple.
  6959 | D:7      | Reached XP level 9. HP: 81/81 MP: 8/8
  7576 | D:7      | Noticed a two-headed ogre
  7588 | D:7      | Killed a two-headed ogre
  7588 | D:7      | Reached ***** piety under Trog
  8379 | D:8      | Reached XP level 10. HP: 91/91 MP: 9/9
  9605 | D:8      | Found an ancient bone altar of Kikubaaqudgha.
  9610 | D:8      | Got a pair of spiked gloves
  9616 | D:8      | Identified the +3 pair of gloves of the Beginning {*Slow rCorr Int+9 SInv} (You found it on level 8 of the Dungeon)
  9830 | D:9      | Found a stormy altar of Qazlal.
  9900 | D:9      | Noticed a two-headed ogre
  9912 | D:9      | Killed a two-headed ogre
 10232 | D:9      | Reached skill level 10 in Fighting
 10258 | D:9      | Received a gift from Trog
 10355 | D:9      | Reached skill level 10 in Armour
 10966 | Temple   | Entered the Ecumenical Temple
 11104 | D:10     | Entered Level 10 of the Dungeon
 11144 | D:10     | Noticed a deep troll earth mage
 11150 | D:10     | Killed a deep troll earth mage
 11844 | D:10     | Noticed a gargoyle
 11851 | D:10     | Killed a gargoyle
 12155 | D:10     | Noticed Josephine
 12165 | D:10     | Killed Josephine
 12165 | D:10     | Reached XP level 11. HP: 79/104 MP: 10/10
 12552 | D:10     | Found a staircase to the Lair.
 12968 | D:11     | Noticed an unseen horror
 12981 | D:11     | Killed an unseen horror
 13074 | D:11     | Noticed a seven-headed hydra
 13083 | D:11     | Killed an 11-headed hydra
 13246 | D:11     | Noticed a two-headed ogre
 13254 | D:11     | Killed a two-headed ogre
 13925 | D:11     | Received a gift from Trog
 13982 | D:11     | Noticed a six-headed hydra
 13988 | D:11     | Killed a nine-headed hydra
 13988 | D:11     | Reached skill level 1 in Throwing
 15678 | D:12     | Reached XP level 12. HP: 74/115 MP: 11/11
 15689 | D:12     | Killed from afar by a deep elf mage

Skill      XL: |  1  2  3  4  5  6  7  8  9 10 11 |
---------------+----------------------------------+-----
Axes           | 4 5 6 7 8 10 12 13 | 13.5
Fighting       | 4 5 6 8 9 11 13 | 13.3
Armour         | 3 4 5 6 7 9 11 13 | 13.1
Throwing       | 3 |  3.2
Dodging        | |  2.1

Action                   |  1- 3 |  4- 6 |  7- 9 | 10-12 || total
-------------------------+-------+-------+-------+-------++-------
Melee: Hand axe          |    92 |   100 |   393 |   150 ||   735
       Headbutt          |    15 |    18 |    94 |    90 ||   217
       Battleaxe         |       |       |       |   196 ||   196
Throw: Tomahawk          |       |       |     4 |   110 ||   114
Invok: Berserk           |       |     1 |     6 |     8 ||    15
       Burn Spellbooks   |       |       |     1 |     1 ||     2
  Use: Scroll            |       |       |       |     4 ||     4
 Stab: Sleeping          |       |       |       |     1 ||     1
  Eat: Chunk             |    16 |     6 |    23 |    29 ||    74
Armor: Leather armour    |    15 |     6 |       |       ||    21
       Chain mail        |       |    29 |   177 |    39 ||   245
       Ring mail         |       |       |       |    92 ||    92
Dodge: Dodged            |    71 |    42 |   141 |   162 ||   416
